 Dungeon Crawl Stone Soup version 0.25.1-2-g60ff931df9 (webtiles) character file.

Game seed: 2157487196600484127

438 Curus the Spear-Bearer (level 6, -1/51 HPs)
             Began as a Minotaur Fighter on Sept 14, 2020.
             Killed from afar by an orc wizard (6 damage)
             ... with a puff of flame
             ... on level 4 of the Dungeon.
             The game lasted 00:12:41 (2561 turns).

Curus the Spear-Bearer (Minotaur Fighter)           Turns: 2561, Time: 00:12:41

Health: -1/51      AC: 10    Str: 20    XL:     6   Next: 69%
Magic:  5/5        EV:  5    Int: 13    God:
Gold:   149        SH:  9    Dex: 10    Spells: 5/5 levels left

rFire    . . .     SeeInvis .   a - +1 trident
rCold    . . .     Gourm    .   c - +0 kite shield
rNeg     . . .     Faith    .   l - +0 chain mail
rPois    .         Spirit   .   (helmet restricted)
rElec    .         Reflect  .   (no cloak)
rCorr    .         Harm     .   (no gloves)
MR       .....                  g - +0 pair of boots
Stlth    ..........             e - amulet of regeneration
HPRegen  0.57/turn              k - ring of stealth
MPRegen  0.09/turn              p - +6 ring of intelligence

@: no status effects
A: retaliatory headbutt, horns 2
a: no special abilities


You were on level 4 of the Dungeon.
You were not hungry.

You visited 1 branch of the dungeon, and saw 4 of its levels.

You collected 149 gold pieces.

Inventory:

Hand Weapons
 a - a +1 trident (weapon)
Armour
 b - a +0 scale mail
 c - a +0 kite shield (worn)
 g - a +0 pair of boots (worn)
 l - a +0 chain mail (worn)
Jewellery
 e - an amulet of regeneration (around neck)
 h - an uncursed amulet of faith
 j - an uncursed amulet of guardian spirit
 k - a ring of stealth (left hand)
 p - a +6 ring of intelligence (right hand)
Potions
 d - a potion of might
 i - a potion of magic
 o - 2 potions of flight
Comestibles
 f - 5 rations
 n - 6 chunks of flesh


   Skills:
 - Level 3.6 Fighting
 + Level 8.8 Polearms
 - Level 3.6 Armour
 - Level 3.6 Shields


You had 5 spell levels left.
You didn't know any spells.
Your spell library was empty.

Dungeon Overview and Level Annotations

Branches:
Dungeon (4/15)             Temple (0/1) D:4

Altars:
Dithmenos
Vehumet


Innate Abilities, Weirdness & Mutations

You reflexively headbutt those who attack you in melee.
You have a pair of horns on your head.


Message History

You miss something. The orc hits you but does no damage.
You hear some strange, mumbled words.
A puff of flame appears from out of thin air!
The puff of flame hits you.
* * * LOW HITPOINT WARNING * * *
The orc hits you but does no damage. The orc barely misses you.
Something hits you.
* * * LOW HITPOINT WARNING * * *
Your shield and chain mail prevent you from hitting the orc.
The orc barely misses you. Something hits you but does no damage.
You feel less confused.
You closely miss something. You headbutt something! You miss something.
You headbutt something. Something hits you but does no damage.
Your shield and chain mail prevent you from hitting something.
You block the orc's attack.
You hear some strange, mumbled words.
A puff of flame appears from out of thin air!
The puff of flame hits you.
You die...

#......>..............
#.....................
#.....................
#.....................
#..)..................
#.....................
#.....................
#.................
#....@............
###....{o...........
#...................
#P.P.....))..........
##.##.....)..........
#. #P.............. .
>...........%....
...#P.............
#.##.............(


You could see an orc.

Vanquished Creatures
  An ogre (D:4)
  A hound (D:4)
  Terence (D:3)
  3 orc wizards
  Robin (D:3)
  2 gnolls (D:3)
  7 adders
  An ooze (D:3)
  2 worms
  4 dart slugs
  A leopard gecko (D:1)
  14 orcs
  4 giant cockroaches
  11 goblins
  13 hobgoblins
  6 jackals (D:1)
  2 ball pythons (D:1)
  7 bats
  4 frilled lizards
  11 kobolds
  9 rats
  A bush (D:2)
  A plant (D:2)
107 creatures vanquished.

Notes
Turn   | Place    | Note
-------+----------+-------------------------------------------
     0 | D:1      | Curus the Minotaur Fighter began the quest for the Orb.
     0 | D:1      | Reached XP level 1. HP: 19/19 MP: 0/0
   114 | D:1      | Reached skill level 3 in Polearms
   184 | D:1      | Reached XP level 2. HP: 26/26 MP: 1/1
   403 | D:1      | Reached skill level 4 in Polearms
   554 | D:1      | Reached XP level 3. HP: 31/31 MP: 2/2
   976 | D:2      | Reached skill level 5 in Polearms
  1463 | D:2      | Reached XP level 4. HP: 39/39 MP: 3/3
  1563 | D:2      | Found a radiant altar of Vehumet.
  1563 | D:2      | Found a shadowy altar of Dithmenos.
  1829 | D:3      | Noticed Terence
  1837 | D:3      | Reached skill level 6 in Polearms
  1842 | D:3      | Killed Terence
  1842 | D:3      | Reached XP level 5. HP: 39/45 MP: 4/4
  2013 | D:3      | Noticed Robin
  2015 | D:3      | Reached skill level 7 in Polearms
  2033 | D:3      | Killed Robin
  2379 | D:4      | Reached XP level 6. HP: 51/51 MP: 5/5
  2404 | D:4      | Reached skill level 8 in Polearms
  2552 | D:4      | Found a staircase to the Ecumenical Temple.
  2553 | D:4      | HP: 2/51 [something/puff of flame (4)]
  2561 | D:4      | Killed from afar by an orc wizard

Illustrated notes

Levels and vault maps discovered:
D:1:      arrival_zaba_pyramid, layout_basic
D:2:      layout_basic, gammafunk_temple_overflow_elements, serial_forest,
          infiniplex_forest_clump_tiny, infiniplex_forest_clump_diagonal,
          infiniplex_forest_zigzag_2, infiniplex_forest_clump_small,
          infiniplex_forest_fountain, infiniplex_forest_clump_small,
          infiniplex_forest_clump_large, infiniplex_forest_clump_diagonal,
          infiniplex_forest_lined_room_2
D:3:      layout_rooms, minmay_increasing_density, uniq_robin, uniq_terence
D:4:      layout_gridville, lemuel_coloured_pillars_altar,
          minmay_temple_entry_gardened_gates, first_ration

Skill      XL: |  1  2  3  4  5  6 |
---------------+-------------------+-----
Polearms       | 3 4 5 6 7 8 |  8.8
Fighting       | |  3.6
Armour         | |  3.6
Shields        | |  3.6

Action                   |  1- 3 |  4- 6 || total
-------------------------+-------+-------++-------
Melee: Trident           |   138 |   224 ||   362
       Headbutt          |    26 |    43 ||    69
  Use: Scroll            |     3 |     4 ||     7
       Potion            |     1 |     5 ||     6
  Eat: Chunk             |     2 |     4 ||     6
Armor: Scale mail        |    29 |       ||    29
       Chain mail        |     3 |    95 ||    98
Dodge: Dodged            |    22 |    41 ||    63
Block: Kite shield       |    47 |    69 ||   116
